SR
GERMANTOWN URUGUAYANS @ STATEN ISLAND PIZZA RATS
07/21/2034
 
TOP OF THE 1ST
Germantown Uruguayans batting - Pitching for Staten Island Pizza Rats : RHP Dong-min Kim
Pitching: RHP Dong-min Kim
Batting: LHB Rafael Barrueco 0-0: Foul Ball, location: 2F
0-1: Hit by Pitch
Batting: RHB Jurgen Flurgenburgen 0-0: Called Strike
0-1: Ball
1-1: Foul Ball, location: 2F
1-2: Ball
Rafael Barrueco steals 2nd base
2-2: Ground out U3 (Groundball, 3)
Rafael Barrueco to third
Batting: LHB Juan Gutiérrez 0-0: Called Strike
Balk!
Rafael Barrueco scores
0-1: Ball
1-1: Ball
2-1: Ball
3-1: Called Strike
3-2: Base on Balls
Batting: RHB José Ortega 0-0: Ball
1-0: Called Strike
1-1: Swinging Strike
1-2: SINGLE (Groundball, 34) (infield hit)
Juan Gutiérrez to second
Batting: RHB Scipione Borghese 0-0: Called Strike
0-1: Swinging Strike
0-2: Strikes out swinging
Batting: RHB Sasha Orlovsky 0-0: Ball
1-0: Fly out, F9 (Flyball, 9S)
Top of the 1st over - 1 run, 1 hit, 0 errors, 2 left on base; Germantown 1 - Staten Island 0
BOTTOM OF THE 1ST
Staten Island Pizza Rats batting - Pitching for Germantown Uruguayans : RHP Willis Pittman
Pitching: RHP Willis Pittman
Batting: RHB António Reyes 0-0: Bunt for hit - play at first, batter OUT! 2-3
Batting: RHB Albert McBride 0-0: Ball
1-0: Foul Ball, location: 2F
1-1: SINGLE (Groundball, 6MD)
Batting: LHB Ismael Soto 0-0: Called Strike
0-1: DOUBLE (Line Drive, 9LM)
Albert McBride to third
Batting: RHB Brock Waxley 0-0: Ball
1-0: Ball
2-0: Foul Ball, location: 2F
2-1: Foul Ball, location: 2F
2-2: Strikes out swinging
Batting: LHB Puck Schit 0-0: Fly out, F3 (Line Drive, 34S)
Bottom of the 1st over - 0 runs, 2 hits, 0 errors, 2 left on base; Germantown 1 - Staten Island 0
TOP OF THE 2ND
Germantown Uruguayans batting - Pitching for Staten Island Pizza Rats : RHP Dong-min Kim
Batting: LHB Reynaldo Pérez 0-0: Ground out 4-3 (Groundball, 4M)
Batting: RHB Adam Wiltern 0-0: Bunt missed!
0-1: Fly out, F9 (Flyball, 89M)
Batting: SHB Aleksandr Lelyuk 0-0: Called Strike
0-1: Called Strike
0-2: Strikes out swinging
Top of the 2nd over - 0 runs, 0 hits, 0 errors, 0 left on base; Germantown 1 - Staten Island 0
BOTTOM OF THE 2ND
Staten Island Pizza Rats batting - Pitching for Germantown Uruguayans : RHP Willis Pittman
Batting: RHB Jack Lynch 0-0: Ball
1-0: Ball
2-0: Ground out 6-3 (Groundball, 6)
Batting: RHB Curt Rovira 0-0: Ball
1-0: Ball
2-0: Called Strike
2-1: Foul Ball, location: 2F
2-2: Ball
3-2: Strikes out swinging
Batting: RHB Jorge Japón 0-0: Foul Ball, location: 2F
0-1: Ball
1-1: Foul Ball, location: 2F
1-2: Foul Ball, location: 2F
1-2: Ball
2-2: Ball
3-2: Strikes out swinging
Bottom of the 2nd over - 0 runs, 0 hits, 0 errors, 0 left on base; Germantown 1 - Staten Island 0
TOP OF THE 3RD
Germantown Uruguayans batting - Pitching for Staten Island Pizza Rats : RHP Dong-min Kim
Batting: LHB Rafael Barrueco 0-0: Called Strike
0-1: Ball
1-1: Foul Ball, location: 2F
1-2: Ball
2-2: Foul Ball, location: 2F
2-2: DOUBLE (Line Drive, 8RXD)
Batting: RHB Jurgen Flurgenburgen 0-0: Called Strike
0-1: Ball
1-1: Fly out, F6 (Line Drive, 6)
Batting: LHB Juan Gutiérrez 0-0: Ball
1-0: Foul Ball, location: 2F
1-1: Foul Ball, location: 2F
1-2: Ball
2-2: Foul Ball, location: 2F
2-2: Ball
3-2: Foul Ball, location: 2F
3-2: Foul Ball, location: 2F
3-2: SINGLE (Groundball, 5D)
Rafael Barrueco to third
Batting: RHB José Ortega 0-0: 3-RUN HOME RUN (Line Drive, 7LD), Distance : 341 ft
Batting: RHB Scipione Borghese 0-0: Called Strike
0-1: Swinging Strike
0-2: Strikes out swinging
Batting: RHB Sasha Orlovsky 0-0: Ball
1-0: Called Strike
1-1: Foul Ball, location: 2F
1-2: Strikes out swinging
Top of the 3rd over - 3 runs, 3 hits, 0 errors, 0 left on base; Germantown 4 - Staten Island 0
BOTTOM OF THE 3RD
Staten Island Pizza Rats batting - Pitching for Germantown Uruguayans : RHP Willis Pittman
Batting: LHB Wilson Sabadodíaz 0-0: Foul Ball, location: 2F
0-1: Foul Ball, location: 2F
0-2: Strikes out looking
Batting: RHB António Reyes 0-0: Swinging Strike
0-1: Foul Ball, location: 2F
0-2: Strikes out looking
Batting: RHB Albert McBride 0-0: Called Strike
0-1: Ball
1-1: Foul Ball, location: 2F
1-2: Strikes out looking
Bottom of the 3rd over - 0 runs, 0 hits, 0 errors, 0 left on base; Germantown 4 - Staten Island 0
TOP OF THE 4TH
Germantown Uruguayans batting - Pitching for Staten Island Pizza Rats : RHP Dong-min Kim
Batting: LHB Reynaldo Pérez 0-0: Foul Ball, location: 2F
0-1: Swinging Strike
0-2: Strikes out swinging
Batting: RHB Adam Wiltern 0-0: Ground out 5-3 (Groundball, 56S)
Batting: SHB Aleksandr Lelyuk 0-0: Ball
1-0: Swinging Strike
1-1: Called Strike
1-2: Fly out, F4 (Line Drive, 4)
Top of the 4th over - 0 runs, 0 hits, 0 errors, 0 left on base; Germantown 4 - Staten Island 0
BOTTOM OF THE 4TH
Staten Island Pizza Rats batting - Pitching for Germantown Uruguayans : RHP Willis Pittman
Batting: LHB Ismael Soto 0-0: Ball
1-0: Ball
2-0: SOLO HOME RUN (Flyball, 7D), Distance : 382 ft
Batting: RHB Brock Waxley 0-0: Ball
1-0: Ball
2-0: Swinging Strike
2-1: Foul Ball, location: 2F
2-2: Ball
3-2: Strikes out looking
Batting: LHB Puck Schit 0-0: Called Strike
0-1: SINGLE (Flyball, 8RS)
Batting: RHB Jack Lynch 0-0: Swinging Strike
0-1: Called Strike
0-2: Ball
1-2: Ball
2-2: Foul Ball, location: 2F
2-2: Foul Ball, location: 2F
2-2: Foul Ball, location: 2F
2-2: Ball
3-2: Strikes out looking
Batting: RHB Curt Rovira 0-0: Called Strike
0-1: Ground out 4-3 (Groundball, 4)
Bottom of the 4th over - 1 run, 2 hits, 0 errors, 1 left on base; Germantown 4 - Staten Island 1
TOP OF THE 5TH
Germantown Uruguayans batting - Pitching for Staten Island Pizza Rats : RHP Dong-min Kim
Batting: LHB Rafael Barrueco 0-0: Ball
1-0: Swinging Strike
1-1: Bunt for hit - play at first, batter OUT! 3-4
Batting: RHB Jurgen Flurgenburgen 0-0: Ball
1-0: Called Strike
1-1: Ball
2-1: Called Strike
2-2: Ball
3-2: Fly out, F8 (Flyball, 8LM)
Batting: LHB Juan Gutiérrez 0-0: Foul Ball, location: 2F
0-1: Ball
1-1: Foul Ball, location: 2F
1-2: Ball
2-2: Ball
3-2: Fly out, F7 (Flyball, 7S)
Top of the 5th over - 0 runs, 0 hits, 0 errors, 0 left on base; Germantown 4 - Staten Island 1
BOTTOM OF THE 5TH
Staten Island Pizza Rats batting - Pitching for Germantown Uruguayans : RHP Willis Pittman
Batting: RHB Jorge Japón 0-0: Called Strike
0-1: Ground out 6-3 (Groundball, 6)
Batting: LHB Wilson Sabadodíaz 0-0: Called Strike
0-1: Ball
1-1: Ground out U3 (Groundball, 3)
Batting: RHB António Reyes 0-0: Ground out 6-3 (Groundball, 6)
Bottom of the 5th over - 0 runs, 0 hits, 0 errors, 0 left on base; Germantown 4 - Staten Island 1
TOP OF THE 6TH
Germantown Uruguayans batting - Pitching for Staten Island Pizza Rats : RHP Dong-min Kim
Batting: RHB José Ortega 0-0: Called Strike
0-1: Ball
1-1: Ball
2-1: DOUBLE (Line Drive, 78D)
Batting: RHB Scipione Borghese 0-0: Intentional Walk
Batting: RHB Sasha Orlovsky 0-0: Sac Bunt - play at first, batter OUT! 2-3
José Ortega to third
Scipione Borghese to second
Batting: LHB Reynaldo Pérez 0-0: Intentional Walk
Batting: RHB Adam Wiltern 0-0: Ball
1-0: Ball
2-0: Foul Ball, location: 2F
2-1: SINGLE (Line Drive, 56D)
José Ortega scores
Scipione Borghese to third
Reynaldo Pérez to second
Batting: SHB Aleksandr Lelyuk 0-0: Ball
1-0: Swinging Strike
1-1: Swinging Strike
1-2: Ball
2-2: Grounds into fielders choice 3-2 (Groundball, 34)
Reynaldo Pérez to third
Adam Wiltern to second
Batting: LHB Rafael Barrueco 0-0: Called Strike
0-1: Ball
1-1: Foul Ball, location: 2F
1-2: DOUBLE (Flyball, 78XD)
Reynaldo Pérez scores
Adam Wiltern scores
Aleksandr Lelyuk to third
Runner from 3rd tries for Home, SAFE, no throw
Batting: RHB Jurgen Flurgenburgen 0-0: Ball
1-0: DOUBLE (Line Drive, 7LS)
Rafael Barrueco scores
Batting: LHB Juan Gutiérrez 0-0: Ball
1-0: Ball
2-0: Called Strike
2-1: Foul Ball, location: 2F
2-2: Foul Ball, location: 2F
2-2: Foul Ball, location: 2F
2-2: Ball
3-2: SINGLE (Groundball, 34D)
Jurgen Flurgenburgen to third
Jurgen Flurgenburgen scores
Pitching: RHP Pi-ao Shu
Batting: RHB José Ortega 0-0: Ball
1-0: Ball
2-0: Foul Ball, location: 2F
2-1: Foul Ball, location: 2F
2-2: DOUBLE (Line Drive, 8LD)
Juan Gutiérrez to third
Juan Gutiérrez scores
Batting: RHB Scipione Borghese 0-0: Ball
1-0: Ball
2-0: Ball
3-0: Called Strike
3-1: Foul Ball, location: 2F
3-2: Reached on error, E6 (Groundball, 6)
José Ortega to third
Batting: RHB Sasha Orlovsky 0-0: Called Strike
0-1: Swinging Strike
0-2: Strikes out looking
Top of the 6th over - 7 runs, 6 hits, 1 error, 2 left on base; Germantown 11 - Staten Island 1
BOTTOM OF THE 6TH
Staten Island Pizza Rats batting - Pitching for Germantown Uruguayans : RHP Willis Pittman
Batting: RHB Albert McBride 0-0: Foul Ball, location: 2F
0-1: Foul Ball, location: 2F
0-2: Foul Ball, location: 2F
0-2: Ball
1-2: Strikes out swinging
Batting: LHB Ismael Soto 0-0: Called Strike
0-1: Foul Ball, location: 2F
0-2: Foul Ball, location: 2F
0-2: Strikes out looking
Batting: RHB Brock Waxley 0-0: Ball
1-0: Ball
2-0: Ball
3-0: Called Strike
3-1: Base on Balls
Batting: LHB Puck Schit 0-0: Foul Ball, location: 2F
0-1: Fly out, F9 (Line Drive, 9D)
Bottom of the 6th over - 0 runs, 0 hits, 0 errors, 1 left on base; Germantown 11 - Staten Island 1
TOP OF THE 7TH
Germantown Uruguayans batting - Pitching for Staten Island Pizza Rats : RHP Pi-ao Shu
Batting: LHB Reynaldo Pérez 0-0: SINGLE (Line Drive, 4D)
Batting: RHB Adam Wiltern 0-0: Called Strike
0-1: Called Strike
0-2: Foul Ball, location: 2F
0-2: Foul Ball, location: 2F
0-2: Ball
1-2: Foul Ball, location: 2F
1-2: Grounds into double play, 6-4-3 (Groundball, 6)
Batting: SHB Aleksandr Lelyuk 0-0: Ball
1-0: Ground out 1-3 (Groundball, 13)
Top of the 7th over - 0 runs, 1 hit, 0 errors, 0 left on base; Germantown 11 - Staten Island 1
BOTTOM OF THE 7TH
Staten Island Pizza Rats batting - Pitching for Germantown Uruguayans : RHP Willis Pittman
Batting: RHB Jack Lynch 0-0: Ball
1-0: Ball
2-0: Foul Ball, location: 2F
2-1: Fly out, F7 (Line Drive, 78M)
Batting: RHB Curt Rovira 0-0: Ball
1-0: Ball
2-0: Called Strike
2-1: Ground out 1-3 (Groundball, 13S)
Batting: RHB Jorge Japón 0-0: Ball
1-0: Ball
2-0: Called Strike
2-1: Foul Ball, location: 2F
2-2: Ball
3-2: Strikes out looking
Bottom of the 7th over - 0 runs, 0 hits, 0 errors, 0 left on base; Germantown 11 - Staten Island 1
TOP OF THE 8TH
Germantown Uruguayans batting - Pitching for Staten Island Pizza Rats : RHP Pi-ao Shu
Pinch Hitting: RHB Mike Marshall 0-0: Ball
1-0: Called Strike
1-1: SINGLE (Line Drive, 7S)
Pitching: RHP Millard Murphy
Batting: RHB Jurgen Flurgenburgen 0-0: Called Strike
0-1: Ball
1-1: Fly out, F7 (Flyball, 7)
Batting: LHB Juan Gutiérrez 0-0: Ball
1-0: Ball
2-0: Ball
3-0: Called Strike
3-1: Called Strike
3-2: Base on Balls
Mike Marshall to second
Batting: RHB José Ortega 0-0: Foul Ball, location: 2F
0-1: SINGLE (Groundball, 56D)
Mike Marshall to third
Juan Gutiérrez to second
Batting: RHB Scipione Borghese 0-0: Swinging Strike
0-1: Swinging Strike
0-2: Strikes out swinging
Batting: RHB Sasha Orlovsky 0-0: Foul Ball, location: 2F
0-1: SINGLE (Flyball, 7LS)
Mike Marshall scores
Juan Gutiérrez to third
José Ortega to second
Runner from 3rd tries for Home, SAFE, no throw
Batting: LHB Reynaldo Pérez 0-0: Called Strike
0-1: Ball
1-1: SINGLE (Groundball, 34D)
José Ortega to third
Sasha Orlovsky to second
Runner from 3rd tries for Home, SAFE, no throw
Pitching: RHP Ricardo Gonzáles
Batting: RHB Adam Wiltern 0-0: Ball
1-0: Called Strike
1-1: Foul Ball, location: 2F
1-2: Ball
2-2: Strikes out swinging
Top of the 8th over - 3 runs, 4 hits, 0 errors, 2 left on base; Germantown 14 - Staten Island 1
BOTTOM OF THE 8TH
Staten Island Pizza Rats batting - Pitching for Germantown Uruguayans : RHP Willis Pittman
Now in RF: Obke Preesman
Batting: LHB Wilson Sabadodíaz 0-0: Ball
1-0: Swinging Strike
1-1: Foul Ball, location: 2F
1-2: Foul Ball, location: 2F
1-2: Strikes out looking
Batting: RHB António Reyes 0-0: Fly out, F8 (Flyball, 89M)
Batting: RHB Albert McBride 0-0: Called Strike
0-1: Fly out, F8 (Flyball, 8RD)
Bottom of the 8th over - 0 runs, 0 hits, 0 errors, 0 left on base; Germantown 14 - Staten Island 1
TOP OF THE 9TH
Germantown Uruguayans batting - Pitching for Staten Island Pizza Rats : RHP Ricardo Gonzáles
Batting: SHB Aleksandr Lelyuk 0-0: Called Strike
0-1: Called Strike
0-2: Ball
1-2: Ball
2-2: Strikes out swinging
Batting: SHB Obke Preesman 0-0: Called Strike
0-1: Called Strike
0-2: Fly out, F5 (Popup, 25)
Batting: RHB Jurgen Flurgenburgen 0-0: Ball
1-0: Called Strike
1-1: Called Strike
1-2: Strikes out swinging
Top of the 9th over - 0 runs, 0 hits, 0 errors, 0 left on base; Germantown 14 - Staten Island 1
BOTTOM OF THE 9TH
Staten Island Pizza Rats batting - Pitching for Germantown Uruguayans : RHP Willis Pittman
Batting: LHB Ismael Soto 0-0: Called Strike
0-1: Ball
1-1: Foul Ball, location: 2F
1-2: Ball
2-2: Foul Ball, location: 2F
2-2: Foul Ball, location: 2F
2-2: SINGLE (Groundball, 56D)
Pitching: RHP Dong-hua Hao
Batting: RHB Brock Waxley 0-0: SINGLE (Flyball, 8LS)
Ismael Soto to second
Batting: LHB Puck Schit 0-0: Ball
1-0: Called Strike
1-1: Ball
2-1: DOUBLE (Flyball, 8RD)
Ismael Soto scores
Brock Waxley to third
Batting: RHB Jack Lynch 0-0: Ball
1-0: Ball
2-0: Called Strike
2-1: Called Strike
2-2: Ball
3-2: Foul Ball, location: 2F
3-2: Foul Ball, location: 2F
3-2: Fly out, F9 (Flyball, 9S)
Batting: RHB Curt Rovira 0-0: Called Strike
0-1: Foul Ball, location: 2F
0-2: Ball
1-2: Foul Ball, location: 2F
1-2: Ground out 1-3 (Groundball, 13S)
Batting: RHB Jorge Japón 0-0: Ball
1-0: Fly out, F3 (Popup, 34)
Bottom of the 9th over - 1 run, 3 hits, 0 errors, 2 left on base; Germantown 14 - Staten Island 2
Friday, March 29th, 2019 - OOTP Baseball 18.8 Build 76